Map: Seeds of Aiur

Players

BizMac

  • Race: Protoss Protoss
  • Spawn Location: 1:00

ILIEKEGGPIE

  • Race: Zerg Zerg
  • League: Platinum
  • Spawn Location: 1:00

Andrio

  • Race: Terran Terran
  • Spawn Location: 7:00

DiamaL

  • Race: Terran Terran
  • Spawn Location: 7:00

VOD

Have the link to the VOD?

Description

Time

  • Played on: May 18, 2018, 8:17 a.m.
  • Length: 15:56
Show
View Real Time Build Order
Export as new Build Order

BizMac Protoss 

Build Orders:  

Get SALT Encoding   

  12  0:01  Probe  
  13  0:13  Probe  
  14  0:23  Pylon  
  14  0:29  Probe  
  14  0:33  Assimilator  
  15  0:41  Probe  
  16  0:49  Gateway  
  16  0:55  Probe  
  16  1:03  Probe  
  18  1:12  Probe  
  18  1:14  Assimilator  
  19  1:27  Probe  
  19  1:32  Pylon  
  20  1:36  Probe  
  21  1:44  Probe  
  21  1:51  Gateway  
  22  1:54  Cybernetics Core  
  22  2:05  Gateway  
  22  2:06  Probe  
  23  2:14  Warp Gate  
  23  2:34  Nexus  
  23  2:51  Stalker  
  25  2:53  Zealot  
  27  3:01  Pylon  
  27  3:09  Probe  
  28  3:21  Probe  
  28  3:23  Pylon  
  29  3:41  Forge  
  29  3:44  Twilight Council  
  29  3:54  Probe  
  30  3:57  Probe  
  31  4:06  Probe  
  31  4:08  Gateway  
  31  4:09  Probe  
  33  4:11  Gateway  
  33  4:18  Probe  
  33  4:23  Stalker  
  32  4:38  Probe  
  29  4:46  Probe, Stalker  
  32  4:55  Stalker  
  32  4:56  Probe  
  35  5:06  Blink  
  35  5:08  Probe x2  
  35  5:09  Assimilator  
  35  5:14  Assimilator  
  37  5:20  Probe  
  35  5:32  Probe  
  35  5:35  Pylon  
  35  5:43  Probe  
  36  5:50  Stalker  
  36  5:55  Probe  
  39  5:58  Stalker  
  41  6:07  Probe  
  41  6:10  Probe  
  42  6:18  Probe  
  44  6:28  Probe  
  45  6:35  Stalker x4  
  53  6:40  Probe  
  54  6:50  Protoss Ground Weapons Level 1  
  54  7:03  Probe  
  55  7:10  Probe, Nexus  
  55  7:15  Probe  
  57  7:18  Probe  
  58  7:27  Probe  
  57  7:37  Probe  
  58  7:45  Probe  
  59  7:52  Pylon  
  59  7:54  Probe  
  59  7:55  Photon Cannon  
  60  8:06  Probe  
  61  8:25  Charge  
  61  8:30  Stalker x5  
  67  8:37  Pylon  
  59  8:54  Zealot x4  
  54  9:28  Probe  
  55  9:38  Robotics Facility  
  55  9:41  Probe  
  56  9:48  Stargate  
  56  9:53  Probe, Stargate  
  56  9:56  Protoss Ground Armor Level 1  
  57  10:05  Probe x2  
  56  10:13  Probe  
  58  10:22  Probe  
  58  10:24  Probe  
  60  10:34  Probe  
  68  10:43  Phoenix  
  68  10:48  Phoenix  
  60  10:56  Immortal  
  64  11:01  Protoss Air Weapons Level 1  
  64  11:04  Stalker x2  
  64  11:05  Phoenix  
  74  11:13  Phoenix  
  74  11:15  Assimilator x2  
  74  11:16  Probe  
  76  11:24  Probe  
  77  11:30  Phoenix  
  80  11:34  Probe  
  80  11:35  Immortal  
  80  11:38  Phoenix  
  70  12:27  Probe  
  69  12:48  Probe  
  69  12:50  Pylon  
  69  12:52  Pylon  
  69  12:53  Pylon  
  69  12:55  Pylon  
  70  13:02  Nexus  
  70  13:05  Probe  
  71  13:17  Probe  
  72  13:22  Zealot  
  72  13:23  Zealot x4  
  82  13:31  Pylon  
  82  13:36  Phoenix x2  
  82  13:43  Probe  
  87  13:51  Probe, Protoss Air Armor Level 1  
  88  14:01  Probe  
  89  14:12  Immortal  
  89  14:15  Zealot x2  
  89  14:16  Stalker x3  
  103  14:25  Nexus  
  103  14:51  Immortal  
  69  15:08  Phoenix x2  
  69  15:09  Stalker x3  
  69  15:10  Stalker x2  
  59  15:30  Phoenix x2  
  59  15:31  Probe  
  59  15:43  Probe  
Show
View Real Time Build Order
Export as new Build Order

ILIEKEGGPIE Zerg 

Build Orders: Hatch First 

Get SALT Encoding   

  12  0:01  Drone  
  13  0:13  Overlord  
  13  0:19  Drone  
  14  0:31  Drone  
  14  0:33  Drone  
  16  0:39  Drone  
  17  0:52  Drone  
  18  0:57  Hatchery  
  18  1:00  Drone  
  18  1:15  Spawning Pool  
  18  1:18  Extractor  
  16  1:21  Drone  
  16  1:24  Drone  
  18  1:30  Drone  
  19  1:40  Overlord  
  19  2:01  Queen  
  19  2:04  Zergling x2  
  19  2:05  Zergling x2  
  23  2:14  Drone x2  
  25  2:20  Queen  
  25  2:22  Metabolic Boost  
  27  2:42  Drone x5  
  33  2:58  Drone x2  
  33  2:59  Drone  
  33  3:04  Drone  
  36  3:11  Extractor  
  35  3:17  Drone  
  36  3:23  Overlord x2  
  36  3:36  Lair  
  36  3:41  Queen  
  38  3:45  Drone x3  
  39  3:59  Roach Warren  
  38  4:05  Hatchery  
  37  4:12  Zergling x4  
  37  4:13  Zergling x18  
  48  4:59  Drone x3  
  52  5:00  Drone  
  52  5:04  Glial Reconstitution  
  52  5:18  Roach x3  
  52  5:19  Overlord  
  57  5:37  Queen  
  59  5:43  Drone x7  
  66  6:00  Evolution Chamber  
  66  6:01  Drone, Evolution Chamber  
  66  6:02  Overlord x3, Drone  
  66  6:06  Overlord  
  61  6:26  Overseer  
  61  6:32  Spore Crawler  
  60  6:33  Spore Crawler  
  60  6:39  Overseer  
  53  6:55  Drone  
  53  6:56  Drone x3  
  57  7:02  Roach x2  
  57  7:03  Roach x15  
  57  7:06  Drone  
  92  7:13  Spore Crawler  
  92  7:15  Extractor  
  90  7:17  Extractor  
  90  7:20  Zerg Missile Weapons Level 1, Hydralisk Den  
  88  7:23  Zerg Ground Armor Level 1  
  88  7:28  Drone x5  
  93  7:36  Overseer  
  93  7:42  Drone x4  
  93  7:43  Overlord x2  
  82  8:27  Hydralisk x2, Roach  
  82  8:28  Hydralisk x2, Roach x4  
  100  8:46  Hydralisk  
  100  8:47  Roach  
  104  9:15  Drone x5  
  109  9:17  Extractor  
  109  9:18  Zerg Missile Weapons Level 2  
  109  9:19  Extractor  
  109  9:23  Drone  
  109  9:24  Drone  
  109  9:26  Drone x4  
  103  10:08  Drone  
  103  10:09  Drone x6  
  103  10:11  Drone x3  
  113  10:33  Zerg Ground Armor Level 2  
  113  10:34  Overlord x2  
  113  10:35  Overlord x3  
  111  10:50  Muscular Augments  
  111  11:02  Hydralisk x4, Roach x2  
  111  11:03  Hydralisk x2, Roach x4  
  111  11:04  Roach x2  
  139  11:24  Hydralisk x3, Roach  
  139  11:25  Roach x3  
  153  11:26  Overlord  
  153  11:27  Overlord x2  
  153  11:30  Spore Crawler  
  152  11:33  Spore Crawler  
  151  11:50  Hydralisk x4, Roach  
  151  11:51  Hydralisk x7, Roach  
  177  12:42  Overlord x3  
  174  13:15  Pneumatized Carapace  
  170  14:02  Ravager x2  
  170  14:03  Ravager x4  
  170  14:05  Hydralisk x2  
  170  14:06  Hydralisk x3, Roach x4  
  170  14:07  Roach  
  170  14:08  Overlord x2  
  103  15:00  Hydralisk x4, Roach  
  103  15:01  Roach x4  
Show
View Real Time Build Order
Export as new Build Order

Andrio Terran 

Build Orders: Command Center First (CC) 

Get SALT Encoding   

  12  0:01  SCV  
  13  0:13  SCV  
  14  0:18  Supply Depot  
  14  0:25  SCV  
  15  0:40  SCV  
  16  0:52  SCV  
  17  1:07  SCV, Command Center  
  18  1:19  Supply Depot, SCV  
  19  1:47  Refinery  
  19  1:48  Barracks  
  19  1:51  SCV  
  20  1:54  Refinery  
  20  2:03  SCV  
  21  2:15  SCV  
  22  2:28  SCV  
  23  2:31  SCV  
  24  2:38  Factory  
  24  2:46  Barracks Tech Lab  
  24  2:55  Orbital Command  
  24  2:59  Orbital Command  
  24  3:14  Barracks Reactor  
  24  3:16  Refinery  
  24  3:20  Refinery  
  24  3:24  SCV  
  24  3:25  SCV  
  26  3:36  SCV  
  26  3:37  SCV  
  26  3:38  Siege Tank  
  31  3:42  Starport  
  31  3:49  SCV  
  31  3:54  Engineering Bay  
  32  3:58  SCV  
  32  4:02  SCV  
  34  4:10  SCV  
  34  4:12  Barracks Reactor  
  34  4:13  Starport  
  34  4:14  Siege Tank  
  38  4:17  SCV  
  39  4:24  Supply Depot  
  39  4:26  SCV  
  40  4:31  Supply Depot  
  40  4:32  SCV  
  41  4:42  SCV  
  41  4:43  Armory  
  41  4:44  SCV  
  43  4:46  Armory  
  43  4:49  Siege Tank  
  46  4:54  SCV  
  46  4:56  SCV  
  48  5:03  Supply Depot  
  48  5:06  SCV, Viking  
  51  5:09  Viking  
  51  5:11  SCV  
  54  5:18  SCV  
  55  5:23  SCV  
  55  5:26  Missile Turret  
  56  5:30  SCV  
  56  5:31  Siege Tank  
  56  5:35  SCV, Viking  
  63  5:36  Viking  
  65  5:51  SCV  
  65  5:52  SCV  
  65  5:55  Terran Ship Weapons Level 1  
  65  5:56  Terran Vehicle And Ship Armor Level 1  
  67  5:57  Smart Servos  
  67  6:10  Command Center  
  67  6:12  Supply Depot x2  
  67  6:20  Viking  
  69  6:34  Siege Tank  
  70  6:51  Viking x2  
  75  7:01  SCV x2  
  75  7:04  Factory  
  76  7:13  SCV  
  76  7:14  SCV  
  78  7:25  SCV  
  79  7:34  Bunker, Viking  
  79  7:36  Viking  
  83  7:37  Viking x2  
  83  7:38  Refinery  
  83  7:42  Refinery  
  87  7:48  Command Center  
  87  7:58  SCV x2  
  89  8:03  Missile Turret  
  89  8:07  Orbital Command  
  89  8:10  SCV  
  90  8:16  Viking x3  
  96  8:25  Viking  
  98  8:46  Viking  
  96  9:16  Viking x2  
  100  9:18  Terran Ship Weapons Level 2  
  100  9:19  Terran Vehicle And Ship Armor Level 2  
  100  9:35  Viking  
  100  9:36  Viking  
  104  9:39  Factory Tech Lab  
  104  9:48  Starport  
  104  9:49  Starport  
  104  9:50  SCV x2  
  104  9:51  Starport  
  106  9:54  Starport, Barracks Reactor  
  106  10:02  SCV x2  
  108  10:07  Hi-Sec Auto Tracking  
  108  10:09  Viking  
  108  10:10  Viking  
  108  10:11  Viking  
  108  10:12  Viking  
  116  10:19  Supply Depot  
  116  10:22  SCV  
  116  10:25  Supply Depot  
  116  10:26  Command Center  
  117  10:32  Starport Reactor  
  117  10:33  Refinery, Starport Tech Lab x2  
  117  10:36  Missile Turret  
  117  10:38  Refinery  
  117  10:45  Starport, Supply Depot  
  117  10:48  Viking  
  119  10:52  Supply Depot  
  119  10:56  Missile Turret  
  119  10:57  Missile Turret  
  119  10:59  Viking  
  119  11:01  Starport Tech Lab  
  119  11:03  Missile Turret  
  121  11:04  Structure Armor  
  121  11:09  Viking  
  121  11:10  Viking  
  125  11:11  Viking  
  107  12:41  Planetary Fortress  
  107  12:43  SCV x2  
  109  12:55  SCV  
  110  13:14  Planetary Fortress  
  110  13:17  Terran Ship Weapons Level 3  
  110  13:18  Terran Vehicle And Ship Armor Level 3  
  110  13:21  Viking x5  
  110  13:22  Viking x6  
  132  13:27  SCV  
  132  13:33  Supply Depot  
  133  13:35  Supply Depot  
  133  13:38  Siege Tank  
  136  13:50  SCV  
  136  13:51  SCV, Viking x4  
  146  13:55  SCV  
  146  13:56  SCV  
  146  13:57  Missile Turret, Supply Depot  
  146  13:58  Refinery, Missile Turret, SCV  
  146  13:59  Viking  
  146  14:01  Missile Turret, Viking  
  146  14:02  Refinery  
  153  14:04  Missile Turret  
  153  14:07  Supply Depot x2  
  153  14:12  Supply Depot  
  153  14:39  Missile Turret  
  153  14:43  Missile Turret  
  153  14:46  Missile Turret  
  148  15:00  Missile Turret  
  139  15:20  Refinery  
  139  15:21  Viking x5  
Show
View Real Time Build Order
Export as new Build Order

DiamaL Terran 

Build Orders: Liberator Opening, Mech 

Get SALT Encoding   

  12  0:02  SCV  
  13  0:14  SCV  
  14  0:19  Supply Depot  
  14  0:26  SCV  
  15  0:29  Refinery  
  15  0:41  SCV  
  16  0:47  Barracks  
  16  0:53  SCV  
  17  0:59  Refinery  
  17  1:05  SCV  
  18  1:17  SCV  
  19  1:29  SCV  
  20  1:35  Factory  
  20  1:41  Barracks Reactor  
  20  1:50  Orbital Command  
  20  2:05  Supply Depot  
  20  2:17  SCV  
  21  2:30  Hellion x2  
  21  2:36  SCV  
  25  2:48  Barracks Tech Lab, SCV  
  25  2:50  Command Center  
  26  2:53  Hellion  
  26  2:58  Hellion  
  30  3:06  Supply Depot  
  30  3:08  SCV  
  31  3:18  Starport  
  31  3:28  Cyclone, SCV  
  35  3:41  SCV  
  35  3:42  Liberator  
  36  4:01  Cloaking Field  
  39  4:04  Orbital Command  
  39  4:06  SCV  
  39  4:07  Refinery  
  40  4:15  Engineering Bay  
  40  4:18  SCV  
  41  4:30  SCV  
  38  4:41  Hellion  
  38  4:42  Hellion  
  38  4:43  SCV  
  39  4:53  Banshee  
  39  4:57  SCV x2, Factory  
  44  5:00  Factory  
  44  5:08  Hellion x2  
  44  5:09  SCV  
  49  5:20  SCV  
  50  5:21  SCV  
  51  5:32  SCV  
  51  5:33  Hellion  
  54  5:40  Supply Depot x2  
  54  5:42  Supply Depot  
  54  5:43  Factory Tech Lab  
  54  5:44  Factory Tech Lab  
  54  5:52  Refinery  
  54  5:54  SCV x2, Hellion  
  58  6:01  Missile Turret  
  58  6:06  SCV x2  
  60  6:18  SCV x2  
  60  6:19  Supply Depot  
  60  6:20  Supply Depot  
  60  6:21  Supply Depot  
  62  6:30  SCV x2  
  64  6:58  Siege Tank x2, Cyclone x2  
  64  6:59  Banshee  
  64  7:01  SCV x2  
  78  7:10  Command Center  
  78  7:13  SCV  
  79  7:24  SCV  
  79  7:25  SCV  
  81  7:32  Armory  
  81  7:33  Armory  
  81  7:35  Armory  
  81  7:36  SCV  
  82  7:37  SCV  
  82  7:42  Siege Tank x2  
  86  7:50  Cyclone  
  89  7:51  Starport  
  89  7:53  Starport  
  89  7:55  Starport  
  87  8:09  Refinery, SCV x2  
  85  8:12  Refinery  
  85  8:15  Cyclone  
  85  8:25  SCV  
  85  8:26  SCV  
  88  8:30  Siege Tank x2  
  88  8:33  Starport Tech Lab x2  
  88  8:34  Starport Tech Lab  
  93  8:43  Sensor Tower  
  93  8:45  Orbital Command  
  93  8:46  SCV x2  
  95  8:49  Cyclone x2  
  101  8:59  SCV x2  
  103  9:06  Hellion x2  
  103  9:08  Banshee  
  103  9:09  Command Center  
  113  9:11  Sensor Tower  
  113  9:12  Hyperflight Rotors  
  110  9:18  SCV x3  
  113  9:24  Supply Depot, Liberator x2  
  113  9:25  Supply Depot  
  113  9:28  Supply Depot  
  113  9:30  Supply Depot  
  113  9:32  Supply Depot  
  115  10:06  Banshee x2  
  114  10:07  SCV x3  
  114  10:09  Siege Tank x2  
  123  10:19  SCV  
  124  10:25  Hellion x2  
  128  10:42  Hellion x2  
  132  10:45  Banshee x2  
  132  10:46  Hellion  
  132  10:47  Hellion  
  142  10:57  Banshee x2  
  142  10:58  SCV  
  142  10:59  SCV x2  
  151  11:06  Planetary Fortress  
  151  11:10  Hellion  
  153  11:19  Supply Depot, Terran Ship Weapons Level 1  
  153  11:20  Refinery, Supply Depot, Terran Vehicle And Ship Armor Level 1  
  153  11:21  Refinery  
  153  11:22  Terran Vehicle Weapons Level 1  
  153  11:25  Missile Turret x2  
  153  11:28  Banshee x2  
  159  11:37  Supply Depot  
  159  11:41  Starport  
  159  11:44  Missile Turret  
  159  11:45  Missile Turret  
  159  11:46  Starport, Missile Turret x2  
  159  11:48  Starport  
  159  12:09  Missile Turret  
  159  12:21  SCV x4  
  163  12:23  Siege Tank x2  
  163  12:25  Starport Reactor x2, Refinery  
  163  12:29  Refinery  
  169  12:32  Command Center  
  169  12:36  Starport Reactor  
  169  12:38  SCV x3  
  169  12:41  Hellion x2  
  176  12:49  Missile Turret  
  176  12:55  Siege Tank x2  
  176  12:56  Missile Turret  
  182  13:04  Liberator x6  
  182  13:05  Liberator  
  182  13:10  Missile Turret  
  179  13:17  Missile Turret  
  179  13:25  Liberator x2  
  200  13:32  Missile Turret  
  200  13:39  Missile Turret  
  194  13:42  Liberator  
  194  13:46  Liberator x2  
  194  13:47  Liberator x4  
  200  14:19  Missile Turret  
  200  14:21  Missile Turret  
  200  14:22  Missile Turret  
  191  14:42  Missile Turret x2  
  156  14:47  Liberator  
  156  14:48  Liberator x5  
  150  14:54  Liberator x2  
  149  15:04  Siege Tank x2  
  160  15:11  Hellion x2  
  167  15:16  Planetary Fortress  
Tags
 
Add a new tag
Caveats
  • Supply blocks, unpowered buildings, or Contaminate may cause inaccurate times.
  • Supply counts are checked every 10 seconds.